 Dungeon Crawl Stone Soup version 0.30.0-5-g1a98f26d00 (webtiles) character file.

Game seed: 16666257801980976237

40 testman the Stinger (level 3, -2/24 HPs)
             Began as a Demonspawn Venom Mage on May 8, 2023.
             Slain by a gnoll
             ... wielding a +0 whip
              (5 damage)
             ... on level 2 of the Dungeon.
             The game lasted 00:05:22 (1760 turns).

testman the Stinger (Demonspawn Venom Mage)         Turns: 1760, Time: 00:05:23

Health: -2/24      AC:  2    Str:  8    XL:     3   Next: 30%
Magic:  3/6        EV: 12    Int: 18    God:
Gold:   112        SH:  0    Dex: 13    Spells: 3/6 levels left

rFire   . . .        e - +0 dagger
rCold   . . .        (no shield)
rNeg    . . .        a - +0 robe
rPois   .            (no helmet)
rElec   .            u - scarf {+Inv}
rCorr   .            (no gloves)
SInv    .            (no boots)
Will    .....        (no amulet)
Stlth   ++           c - ring of wizardry
HPRegen 0.24/turn    h - ring of wizardry
MPRegen 0.20/turn

%: wizardry (x2)
@: weak-willed
A: magic regeneration
a: Evoke Invisibility


You were on level 2 of the Dungeon.
You visited 1 branch of the dungeon, and saw 2 of its levels.

You collected 112 gold pieces.

Inventory:

Hand Weapons
 d - a +0 mace
 e - a +0 dagger (weapon)
 f - a +0 sling
Armour
 a - a +0 robe (worn)
 u - a scarf of invisibility (worn)
Jewellery
 c - a ring of wizardry (left hand)
 h - a ring of wizardry (right hand)
 l - a ring of see invisible
Scrolls
 m - a scroll of enchant armour {unknown}
 r - a scroll of immolation {unknown}
 s - a scroll of magic mapping {unknown}
 t - a scroll of fog {unknown}
 v - a scroll of identify {unknown}
Potions
 b - a potion of magic
 g - a potion of ambrosia {unknown}
 i - a potion of curing {unknown}
 j - a potion of invisibility {unknown}
 n - a potion of mutation {unknown}
 o - a potion of attraction {unknown}
 p - a potion of lignification {unknown}
 q - a potion of haste {unknown}


   Skills:
 - Level 1.7 Dodging
 - Level 1.7 Stealth
 - Level 2.0 Spellcasting
 - Level 1.0 Transmutations
 + Level 2.7 Air Magic
 - Level 3.0 Poison Magic


You had 3 spell levels left.
You knew the following spells:

 Your Spells              Type           Power      Damage    Failure   Level
a - Sting                 Tmut/Pois      36%        1d4       2%          1
b - Poisonous Vapours     Pois/Air       24%        N/A       2%          2

Your spell library contained the following spells:

 Spells                   Type           Power      Damage    Failure   Level
 Swiftness                Air            11%        N/A       5%          3
 Passwall                 Tmut/Erth      2%         N/A       6%          2
 Ensorcelled Hibernation  Hex/Ice        2%         N/A       7%          2
 Mephitic Cloud           Conj/Pois/Air  8%         N/A       7%          3
 Ozocubu's Armour         Ice            1%         N/A       14%         3
 Olgreb's Toxic Radiance  Pois           12%        N/A       13%         4
 Metabolic Englaciation   Hex/Ice        0%         N/A       73%         5
 Simulacrum               Ice/Necr       0%         N/A       99%         6


Dungeon Overview and Level Annotations

Branches:
Dungeon (2/15)

Altars:


Innate Abilities, Weirdness & Mutations

You regenerate magic rapidly.


Message History

The gnoll shouts! x2; You hear a shout!
A gnoll comes into view. It is wielding a +0 club.
Casting: Poisonous Vapours (safe; 2% risk of failure)
Confirm with . or Enter, or press ? or * to list all spells.
You don't know that spell.
Unknown command.
The gnoll throws a throwing net.
The throwing net hits you.
You become entangled in the net!
You see here a throwing net.
You struggle against the net.
The gnoll shouts!
You tear a large gash into the net.
A gnoll comes into view. It is wielding a +0 flail.
You struggle against the net.
You rip the net and break free!
The gnoll hits you with a +0 whip!
The gnoll throws a stone.
The stone barely misses you.
Aiming: Sting (safe; 2% risk of failure)
Press: ? - help, Q - select action, (/) - cycle Shift-Dir - straight line, f - gnoll
Aim: a gnoll, wielding a +0 whip (72% to hit)
The sting hits the gnoll.
The gnoll is poisoned.
The gnoll is lightly wounded.
The gnoll hits you with a +0 whip!
Aiming: Sting (safe; 2% risk of failure)
Press: ? - help, Q - select action, (/) - cycle Shift-Dir - straight line, f/p - gnoll
Aim: a gnoll, wielding a +0 whip (lightly wounded, poisoned, 72% to hit)
The sting misses the gnoll.
The sting hits the gnoll.
The gnoll is poisoned.
The gnoll is lightly wounded.
The gnoll closely misses you.
Aiming: Sting (safe; 2% risk of failure)
Press: ? - help, Q - select action, (/) - cycle Shift-Dir - straight line, f/p - gnoll
Aim: a gnoll, wielding a +0 whip (moderately wounded, poisoned, 72% to hit)
The sting hits the gnoll.
The gnoll looks even sicker.
The gnoll is heavily wounded.
The gnoll hits you with a +0 whip!
* * * LOW HITPOINT WARNING * * *
Okay, then.
As you read the scroll labelled EDWOGI EXOESEAHIEG, it crumbles to dust.
Magic quickly surges around you.
It was a scroll of vulnerability.
The gnoll hits you with a +0 whip.
You die...

#.##.# #...# #.# # #.##.#
#...####.# #
#.##.###........# #
#.##.......###### #
#.##.###..g# #
#.##......g# #
#.######...# #
#.######...############ #
#.........gggg@.......# #
#####.###...##########.# #
#.....# #...###### #.# #
#.###.###........# #.# #
#.# ##......####.# #.# #.#
##.#....†...#####.# #†#
#.##..#..........# #######
#.# #.##..#.##.####..#
#...... #.#
#.##..#.##.####..###†#####


You could see 4 gnolls.

Vanquished Creatures
  A gnoll (D:1)
  2 worms (D:2)
  2 ball pythons
  3 bats
  2 endoplasms (D:1)
  3 goblins (D:1)
  5 hobgoblins
  A frilled lizard (D:1)
  5 kobolds
  A rat (D:2)
25 creatures vanquished.

Notes
Turn   | Place    | Note
-------+----------+-------------------------------------------
     0 | D:1      | testman the Demonspawn Venom Mage began the quest for the
                  | Orb.
     0 | D:1      | Reached XP level 1. HP: 13/13 MP: 3/3
    52 | D:1      | Reached skill level 1 in Transmutations
    99 | D:1      | Reached skill level 1 in Air Magic
   256 | D:1      | Gained mutation: You regenerate magic rapidly. [demonic
                  | ancestry]
   256 | D:1      | Reached XP level 2. HP: 19/19 MP: 3/5
   444 | D:1      | Learned a level 2 spell: Poisonous Vapours
  1219 | D:2      | Reached XP level 3. HP: 24/24 MP: 2/6
  1760 | D:2      | Slain by a gnoll

Illustrated notes

Levels and vault maps discovered:
D:1:      psy_arrival_conway, layout_basic, minmay_liquid_box,
          minmay_pentomino_o2
D:2:      layout_loops_ring

Skill      XL: |  1  2 |
---------------+-------+-----
Transmutations | 1 |  1.0
Air Magic      | 1 2 |  2.7
Dodging        | |  1.7
Stealth        | |  1.7
Spellcasting   | |  2.0
Poison Magic   | |  3.0

Action                     || total
---------------------------++-------
  Melee: Dagger            ||    30
         Mace              ||     1
   Cast: Sting             ||    30
         Poisonous Vapours ||     8
    Use: Scroll            ||     1
 Armour: Robe              ||     5
  Dodge: Dodged            ||    21
